 Dungeon Crawl Stone Soup version 0.22.1-2-g9c5b331 (webtiles) character file.

1026 errolflynn the Chopper (level 8, -5/69 HPs)
             Began as a Minotaur Berserker on Dec 30, 2018.
             Was a Believer of Trog.
             Slain by Pikel
             ... wielding a +1 whip of electrocution
              (14 damage)
             ... on level 5 of the Dungeon.
             The game lasted 01:21:19 (4694 turns).

errolflynn the Chopper (Minotaur Berserker)         Turns: 4694, Time: 01:21:19

Health: -5/69      AC: 12    Str: 27    XL:     8   Next: 2%
Magic:  9/9        EV:  9    Int:  4    God:    Trog [**....]
Gold:   167        SH:  0    Dex: 10    Spells: 10/10 levels left

rFire    . . .     SeeInvis .   A - +3 hand axe (flame)
rCold    . . .     Gourm    .   (no shield)
rNeg     . . .     Faith    .   e - +0 chain mail
rPois    .         Spirit   .   (helmet restricted)
rElec    .         Reflect  .   (no cloak)
rCorr    .         Harm     .   m - +1 pair of gloves {Str+3}
MR       .....     Rnd*Tele +   w - +0 pair of boots
Stlth    ..........             T - amulet of inaccuracy (curse)
HPRegen  0.21/turn              G - ring of teleportation (curse)
MPRegen  0.11/turn              (no ring)

@: no status effects
A: retaliatory headbutt, horns 2
a: Berserk, Trog's Hand, Renounce Religion


You were on level 5 of the Dungeon.
You worshipped Trog.
Trog was pleased with you.
You were not hungry.

You visited 1 branch of the dungeon, and saw 5 of its levels.

You collected 167 gold pieces.

Inventory:

Hand Weapons
 a - a +0 hand axe
 g - a +0 hand axe
 n - a +0 giant club
 r - a +0 spear
 x - a +2 quarterstaff of chaos
 z - a +0 mace
 A - a +3 hand axe of flaming (weapon)
 C - a +2 vampiric dagger
 I - a +0 short sword
 J - a +0 war axe
 L - a cursed -3 dagger
 P - a +0 flail
 Q - a +0 flail of protection
 R - a +0 whip
 W - a +0 dagger
Missiles
 h - 100 stones (quivered)
 i - 69 arrows
 v - 30 sling bullets
 N - 15 bolts
 U - 18 poisoned needles
Armour
 b - a +0 animal skin
 e - a +0 chain mail (worn)
 j - a +0 pair of boots
 m - a +1 pair of gloves of strength (worn)
 q - a +0 leather armour
 w - a +0 pair of boots (worn)
 y - a +0 cloak
 B - a +1 pair of gloves
 E - a +0 robe
 X - a +0 robe
 Y - a +0 robe
 Z - a +0 robe
Jewellery
 f - an uncursed amulet of magic regeneration
 G - a cursed ring of teleportation (left hand)
 S - an uncursed amulet of magic regeneration
 T - a cursed amulet of inaccuracy (around neck)
Wands
 s - a wand of polymorph (8)
 F - a wand of flame (36)
Scrolls
 d - 3 scrolls of identify {unknown}
 k - 4 scrolls of amnesia {unknown}
 o - 4 scrolls of remove curse {unknown}
 p - a scroll of random uselessness {unknown}
 u - a scroll of noise {unknown}
 D - 3 scrolls of enchant weapon {unknown}
 H - 4 scrolls of teleportation {unknown}
 M - a scroll of enchant armour {unknown}
Potions
 l - 4 potions of curing {unknown}
 t - a potion of invisibility {unknown}
 K - 2 potions of magic {unknown}
 O - a potion of agility {unknown}
 V - a potion of heal wounds {unknown}
Comestibles
 c - 7 rations


   Skills:
 + Level 5.5 Fighting
 + Level 6.9(7.6) Axes
 * Level 3.4(5.6) Maces & Flails
 * Level 3.1(5.4) Polearms
 * Level 2.3 Throwing
 + Level 3.3 Armour
 + Level 3.4 Dodging
 + Level 1.4 Stealth
 * Level 1.9 Spellcasting


You had 10 spell levels left.
You didn't know any spells.
Your spell library was empty.

Dungeon Overview and Level Annotations

Branches:
Dungeon (5/15)
 Temple: D:4-7

Altars:

Annotations:
D:5 Pikel


Innate Abilities, Weirdness & Mutations

You reflexively headbutt those who attack you in melee.
You have a pair of horns on your head.


Message History

You barely miss Pikel. You headbutt Pikel.
Pikel is heavily wounded.
You hit the slave. You burn the slave. You hit the slave but do no damage.
You miss the slave. You hit the slave but do no damage.
Pikel hits you but does no damage.
The slave hits you but does no damage. x3
The slave closely misses you. You furiously retaliate!
You headbutt the slave, but do no damage.
You miss Pikel.
Pikel is heavily wounded.
You hit the slave. You burn the slave. You closely miss the slave.
You hit the slave but do no damage. You hit the slave. You burn the slave.
Pikel hits you but does no damage. The slave hits you but does no damage.
You closely miss Pikel. You headbutt Pikel, but do no damage.
Pikel is heavily wounded.
You closely miss the slave. x2; You hit the slave but do no damage.
You hit the slave. You burn the slave. The slave hits you but does no damage.
The slave barely misses you. You furiously retaliate!
You headbutt the slave.
Pikel cracks his whip.
Pikel hits you but does no damage.
You are electrocuted!
You die...

#..........## ..##
#...........###..###
#............##....#
#.............#.....
#.................###
##................#
#................##
#..........)pp.....#
.............†@K..##..
.....#.........pp...#
#....#..............#
#...$................#
#......................
#....$..........
##..............
##.............


You could see Pikel and 4 slaves.

Vanquished Creatures
  Grinder (D:4)
  Menkaure (D:4)
  An ogre (D:5)
  A scorpion (D:4)
  2 crimson imps (D:5)
  A hound (D:4)
  2 orc priests
  Crazy Yiuf (D:4)
  Jessica (D:2)
  2 orc wizards (D:4)
  Natasha (thrice) (D:2)
  2 iguanas (D:5)
  A worker ant (D:3)
  4 adders
  2 oozes
  3 adder skeletons
  3 worms
  3 dart slugs
  5 leopard geckos
  14 orcs
  8 bats
  6 giant cockroaches
  10 goblins
  5 hobgoblins
  3 jackals (D:1)
  2 quokkas
  A ball python (D:2)
  A ball python skeleton (D:4)
  5 frilled lizards
  4 kobolds
  9 rats
107 creatures vanquished.

Notes
Turn   | Place    | Note
-------+----------+-------------------------------------------
     0 | D:1      | errolflynn the Minotaur Berserker began the quest for the
                  | Orb.
     0 | D:1      | Reached XP level 1. HP: 19/19 MP: 0/0
    72 | D:1      | Reached XP level 2. HP: 4/27 MP: 1/1
   200 | D:1      | Reached skill level 4 in Axes
   824 | D:1      | Reached XP level 3. HP: 33/33 MP: 2/2
  1632 | D:2      | Noticed Jessica
  1640 | D:2      | Killed Jessica
  1640 | D:2      | Reached ** piety under Trog
  1640 | D:2      | Reached skill level 1 in Maces & Flails
  1640 | D:2      | Reached XP level 4. HP: 27/41 MP: 3/3
  1720 | D:2      | Noticed Natasha
  1729 | D:2      | Killed Natasha
  1729 | D:2      | Reached skill level 1 in Spellcasting
  1891 | D:2      | Noticed Natasha
  1898 | D:2      | Killed Natasha
  1898 | D:2      | Reached XP level 5. HP: 22/47 MP: 5/5
  2117 | D:2      | Noticed Natasha
  2124 | D:2      | Killed Natasha
  2124 | D:2      | Reached skill level 5 in Axes
  2124 | D:2      | Reached skill level 1 in Polearms
  3207 | D:4      | HP: 2/47 [something (5)]
  3210 | D:4      | Reached XP level 6. HP: 4/55 MP: 6/6
  3213 | D:4      | Reached skill level 5 in Fighting
  3213 | D:4      | Reached skill level 1 in Throwing
  3512 | D:4      | Reached skill level 1 in Stealth
  3923 | D:4      | Noticed Menkaure
  3930 | D:4      | HP: 1/56 [Menkaure/nerve-wracking pain (11)]
  3931 | D:4      | Killed Menkaure
  3931 | D:4      | Reached XP level 7. HP: 1/61 MP: 8/8
  3987 | D:4      | Found a runed door.
  4050 | D:4      | Noticed Grinder
  4070 | D:4      | Paralysed by Grinder for 2 turns
  4074 | D:4      | Killed Grinder
  4074 | D:4      | Reached skill level 6 in Axes
  4328 | D:4      | Noticed Crazy Yiuf
  4332 | D:4      | Killed Crazy Yiuf
  4385 | D:5      | Entered Level 5 of the Dungeon
  4642 | D:5      | Reached XP level 8. HP: 24/69 MP: 9/9
  4680 | D:5      | Noticed Pikel
  4694 | D:5      | Slain by Pikel

Skill      XL: |  1  2  3  4  5  6  7 |
---------------+----------------------+-----
Fighting       | 4 5 |  5.5
Axes           | 4 5 6 |  6.9
Maces & Flails | 1 2 3 |  3.4
Spellcasting   | 1 |  1.9
Polearms       | 1 2 3 |  3.1
Dodging        | 3 |  3.4
Throwing       | 1 2 |  2.3
Stealth        | 1 |  1.4
Armour         | 3 |  3.3

Action                   |  1- 3 |  4- 6 |  7- 9 || total
-------------------------+-------+-------+-------++-------
Melee: Hand axe          |    59 |   113 |    69 ||   241
       Headbutt          |    10 |    12 |     9 ||    31
 Stab: Sleeping          |       |     1 |       ||     1
  Eat: Ration            |     1 |     2 |     1 ||     4
Armor: Animal skin       |    13 |    30 |       ||    43
       Chain mail        |       |     5 |    48 ||    53
Dodge: Dodged            |    28 |    59 |    33 ||   120
